 Dungeon Crawl Stone Soup version 0.32-a0-433-g08bcfe7efd (webtiles) character file.

Game seed: 6992367042966907493

10 zenocrate the Sneak (level 2, 0/16 HPs)
             Began as a Vine Stalker Delver on Feb 23, 2024.
             Slain by Terence
             ... wielding a +0 flail
              (7 damage)
             ... on level 3 of the Dungeon.
             The game lasted 00:00:36 (160 turns).

zenocrate the Sneak (Vine Stalker Delver)            Turns: 160, Time: 00:00:37

Health: 0/16       AC:  4    Str: 14    XL:     2   Next: 20%
Magic:  0/3        EV: 11    Int: 10    God:
Gold:   46         SH:  0    Dex: 15    Spells: 1/1 levels left

rFire   . . .        a - +0 short sword
rCold   . . .        (no shield)
rNeg    . . .        b - +0 leather armour
rPois   .            h - +0 helmet
rElec   .            (no cloak)
rCorr   .            (no gloves)
SInv    .            (no boots)
Will    .....        (no amulet)
Stlth   +++          (no ring)
HPRegen 1.02/turn    (no ring)
MPRegen 0.08/turn

%: guardian spirit
@: no status effects
A: fangs 2, regeneration 1, magic shield, antimagic bite, no potion heal 2
a: no special abilities


You were on level 3 of the Dungeon.
You visited 1 branch of the dungeon, and saw 3 of its levels.

You collected 46 gold pieces.

Inventory:

Hand Weapons
 a - a +0 short sword (weapon)
Armour
 b - a +0 leather armour (worn)
 h - a +0 helmet (worn)
Wands
 g - a wand of digging (3)
Scrolls
 c - a scroll of fog
 d - a scroll of revelation
 e - a scroll of identify {unknown}
Potions
 f - a potion of haste


   Skills:
 - Level 2.6 Fighting
 + Level 2.2 Short Blades
 - Level 1.5 Dodging
 + Level 6.3 Stealth
 + Level 0.0 Evocations


You had one spell level left.
You didn't know any spells.
Your spell library was empty.

Dungeon Overview and Level Annotations

Branches:
Dungeon (5/15)
 Temple: D:4-7

Altars:

Annotations:
D:3 Terence


Innate Abilities, Weirdness & Mutations

You have extremely sharp teeth.
Your natural rate of healing is unusually fast.
When hurt, damage is shared between your health and your magic reserves.
Your bite disrupts and absorbs the magic of your enemies.
Potions cannot restore your health.


Message History

You have reached level 2!
Magic restored.
A ball python comes into view.
The ball python hisses angrily.
Found 13 gold pieces.
A ball python is nearby!
You hit the ball python. Your bite misses the ball python.
The ball python is heavily wounded.
The ball python bites you. The ball python closely misses you.
You hit the ball python.
You kill the ball python!
No target in view!
No target in view!
You now have 10 gold pieces.
You now have 15 gold pieces (gained 5).
You now have 28 gold pieces (gained 13).
You now have 36 gold pieces (gained 8).
You now have 46 gold pieces (gained 10).
Found a stone staircase leading down.
No target in view!
Found a scale mail.
e - a scroll labelled XEWIS MIRGHODGH Your library has no spells.
Unknown command.
Terence the Incautious comes into view.
He is wielding a +0 flail.
Found a hand axe.
The helpless Terence fails to defend himself.
You impale Terence!! You bite Terence, but do no damage.
Terence is severely wounded.
Terence looks scornfully at you. Terence hits you with a +0 flail.
Unknown command.
You closely miss Terence. You bite Terence, but do no damage.
Terence is severely wounded.
Terence hits you with a +0 flail.
You barely miss Terence. You bite Terence, but do no damage.
Terence is severely wounded.
Terence hits you with a +0 flail!
You die...
Terence says, "Time to find some more victims."

## #.... . ### #...######
..#######........#
....)............#
#....#.......>..#
#.......[....#
#............#
##............#
#.@.....####.##
#.@..##.#####.# ..#[...
###....#.##.# #...#
#.#....##....####.##.#
#.###
............####.##.# #.#
##.....#... #........# #.#
#..#.....## #........###.#
..........###........##..#
##.#.)...............##.##


You could see Terence.

Vanquished Creatures
  An adder (D:3)
  A ball python (D:3)
2 creatures vanquished.

Notes
Turn   | Place    | Note
-------+----------+-------------------------------------------
     0 | D:5      | zenocrate the Vine Stalker Delver began the quest for the
                  | Orb.
     0 | D:5      | Reached XP level 1. HP: 11/11 MP: 2/2
    16 | D:4      | Noticed an iguana
    51 | D:3      | Reached XP level 2. HP: 16/16 MP: 1/3
   151 | D:3      | Noticed Terence
   160 | D:3      | Slain by Terence

Illustrated notes

Levels and vault maps discovered:
D:3:      layout_rooms, lemuel_doored_altar, uniq_terence
D:4:      minmay_evil_eye, layout_cave_pools, zin_academy,
          lightli_temple_of_fire, minmay_temple_entry_tees,
          corexii_corridor_pit, minivault_24, uniq_edmund
D:5:      layout_cave_pools

Skill      XL: |  1 |
---------------+----+-----
Short Blades   | 2 |  2.2
Fighting       | |  2.6
Dodging        | |  1.5
Stealth        | |  6.3

Action                     || total
---------------------------++-------
  Melee: Short sword       ||    17
         Bite              ||     6
    Use: Scroll            ||     1
   Stab: Sleeping          ||     1
 Armour: Leather armour    ||    10
  Dodge: Dodged            ||     8

Table legend: (Time is in decaauts)
 A = Elapsed time spent in this place.
 B = Non-inter-level travel time spent in this place.
 C = Inter-level travel time spent in this place.
 D = Time resting spent in this place.
 E = Time spent auto-exploring this place.
 F = Levels seen in this place.
 G = Mean time per level.
                   A        B        C        D        E       F      G
               +--------+--------+--------+--------+--------+-----+--------+
         Total |    158 |    158 |      0 |      0 |     90 |   3 |   52.7 |
       Dungeon |    158 |    158 |      0 |      0 |     90 |   3 |   52.7 |
               +--------+--------+--------+--------+--------+-----+--------+

Top non-repeatable levels by time:
     D:3: 137 daAuts
     D:4: 17 daAuts
     D:5: 3 daAuts
